 Dungeon Crawl Stone Soup version 0.17.1-3-g152610e (webtiles) character file.

1472 Peloso the Shield-Bearer (level 8, -6/71 HPs)
             Began as a Minotaur Fighter on Mar 22, 2016.
             Was an Initiate of Okawaru.
             Mangled by an ogre
             ... wielding a +0 giant club
              (18 damage)
             ... on level 6 of the Dungeon.
             The game lasted 00:15:12 (4646 turns).

Peloso the Shield-Bearer (Minotaur Fighter)         Turns: 4646, Time: 00:15:12

Health: -6/71      AC: 12    Str: 22    XL:     8   Next: 49%
Magic:  7/7        EV:  7    Int:  5    God:    Okawaru [......]
Gold:   230        SH: 11    Dex: 11    Spells: 0 memorised, 7 levels left

rFire  . . .     SeeInvis .     a - +0 long sword
rCold  . . .     Clarity  .     i - +0 chain mail
rNeg   . . .     SustAt   .     c - +0 shield
rPois  +         Gourm    .     (helmet restricted)
rElec  .         Spirit   .     E - +0 cloak (curse)
rCorr  .         Warding  .     A - +0 pair of gloves
rMut   .         Stasis   .     (no boots)
MR     .....                    (no amulet)
Stlth  ..........               q - ring of poison resistance
                                k - ring of loudness (curse)

@: drained, not resistant to hostile enchantments, extremely unstealthy
A: retaliatory headbutt, horns 2
a: Renounce Religion


You were on level 6 of the Dungeon.
You worshipped Okawaru.
Okawaru was noncommittal.
You were hungry.

You visited 2 branches of the dungeon, and saw 7 of its levels.
You also visited: Sewer.

You collected 230 gold pieces.

Inventory:

Hand Weapons
 a - a +0 long sword (weapon)
 n - a +1 short sword of flaming
Armour
 b - a +0 scale mail
 c - a +0 shield (worn)
 i - a +0 chain mail (worn)
 A - a +0 pair of gloves (worn)
 B - a +2 cloak
 E - a cursed +0 cloak (worn)
Jewellery
 k - a cursed ring of loudness (left hand)
 q - a ring of poison resistance (right hand)
 w - an uncursed ring of stealth
Wands
 p - a wand of digging (9)
Scrolls
 f - 3 scrolls of amnesia
 l - a scroll of teleportation
 t - a scroll of fear
 v - a scroll of identify
Potions
 d - 4 potions of might
 g - a potion of cancellation
 h - a potion of mutation
 j - 8 potions of curing
 o - a potion of haste
 s - 2 potions of brilliance
 u - 3 potions of flight
 x - 4 potions of agility
 C - a potion of degeneration {unknown}
 D - a potion of magic {unknown}
 F - 2 potions of heal wounds {unknown}
Comestibles
 e - 5 bread rations
 m - 4 meat rations
 r - a beef jerky
 z - 3 fruits


   Skills:
 + Level 6.4(6.0) Fighting
 + Level 6.2(5.9) Long Blades
 + Level 6.7(6.4) Armour
 + Level 3.5(3.2) Dodging
 + Level 1.0(0.7) Stealth
 + Level 7.7(7.4) Shields


You had 7 spell levels left.
You didn't know any spells.

Dungeon Overview and Level Annotations

Branches:
Dungeon (6/15)             Temple (1/1) D:5

Altars:
Ashenzari
Cheibriados
Dithmenos
Elyvilon
Gozag
Kikubaaqudgha
Makhleb
Nemelex Xobeh
Okawaru
Qazlal
Ru
Sif Muna
Trog
Vehumet
Xom
Yredelemnul
Zin
The Shining One


Innate Abilities, Weirdness & Mutations

You reflexively headbutt those who attack you in melee.
You have a pair of horns on your head.


Message History

The wight hits you with a scimitar.
* * * LOW HITPOINT WARNING * * *
Found an orange potion.
Things that are here:
an enchanted halberd; a robe You closely miss the wight.
The wight hits you with a scimitar.
* * * LOW HITPOINT WARNING * * *
You feel drained.
* * * LOW HITPOINT WARNING * * *
The wight hits you but does no damage.
Things that are here:
a vampiric halberd; a robe
Things that are here:
a dagger of freezing; a robe You block the wight's attack.
The ogre hits you but does no damage. The wight barely misses you.
You furiously retaliate!
You headbutt the wight. You block the ogre's attack.
The ogre hits you with a giant club!!
You die...

#)# ##### #.# ..
#)###...# #.# #.
#...#...# #.## #.
###.#...# #..# #.
#.#...# ##.####. #.#...#
#....... #.#...#
#.#.###. #.#zO.# #.#.#
#. #.#@..# #.#.# #.
#.#...#######.#.# #.
#..##.#.........#.#.# #<
#...............#.#.....
#.##.###........#.#..##.
#. #........#.... .. ..
##)######### #.
...####)# #. ...+..).#
#.


You could see an ogre and a wight.

Vanquished Creatures
  An ogre (D:4)
  2 phantoms (D:4)
  A centaur (D:6)
  2 giant frogs
  4 big kobolds
  2 scorpions
  3 wights (D:6)
  A centaur skeleton (D:5)
  An orc priest (D:4)
  An orc wizard (Temple)
  Natasha (twice) (D:3)
  2 worker ants (D:4)
  2 hound zombies (D:5)
  7 gnolls
  6 river rats (Sewer)
  6 adders
  An ooze (D:4)
  3 worms
  5 giant geckos
  6 orcs
  10 ball pythons
  3 giant cockroaches
  4 goblins
  3 hobgoblins
  3 jackals (D:5)
  30 kobolds
  7 bats
  4 giant newts
  3 quokkas
  A quokka skeleton (D:5)
  28 rats
154 creatures vanquished.

Notes
Turn   | Place    | Note
--------------------------------------------------------------
     0 | D:1      | Peloso the Minotaur Fighter began the quest for the Orb.
     0 | D:1      | Reached XP level 1. HP: 19/19 MP: 0/0
   399 | D:1      | Reached XP level 2. HP: 27/27 MP: 1/1
   524 | D:1      | Reached skill level 4 in Shields
   832 | D:2      | Reached XP level 3. HP: 30/33 MP: 2/2
  1080 | D:3      | Found a burning altar of Makhleb.
  1231 | D:3      | Reached XP level 4. HP: 40/40 MP: 3/3
  1275 | D:3      | Noticed a giant frog
  1285 | D:3      | Killed a giant frog
  1285 | D:3      | Reached skill level 1 in Dodging
  1285 | D:3      | Reached skill level 5 in Shields
  1285 | D:3      | Reached XP level 5. HP: 36/46 MP: 4/4
  1313 | D:3      | Reached skill level 5 in Armour
  1625 | D:3      | Noticed Natasha
  1634 | D:3      | Killed Natasha
  1762 | D:3      | Noticed Natasha
  1769 | D:3      | Killed Natasha
  1859 | D:4      | Noticed a phantom
  1864 | D:4      | Reached XP level 6. HP: 43/53 MP: 5/5
  1875 | D:4      | Killed a phantom
  1893 | D:4      | Noticed a phantom
  1917 | D:4      | Killed a phantom
  1917 | D:4      | Reached skill level 6 in Shields
  2216 | D:4      | Found a stormy altar of Qazlal.
  2219 | D:4      | Found a white marble altar of Elyvilon.
  2222 | D:4      | Found a snail-covered altar of Cheibriados.
  2365 | D:4      | Noticed an ogre
  2370 | D:4      | Killed an ogre
  2370 | D:4      | Reached skill level 5 in Fighting
  2370 | D:4      | Reached XP level 7. HP: 47/61 MP: 6/6
  2402 | D:4      | Found a glowing drain.
  2406 | Sewer    | Entered a sewer
  2687 | Sewer    | HP: 3/61 [river rat (6)]
  3007 | Sewer    | Reached skill level 7 in Shields
  3600 | D:5      | Entered Level 5 of the Dungeon
  3644 | D:5      | Found a staircase to the Ecumenical Temple.
  3661 | Temple   | Entered the Ecumenical Temple
  3664 | Temple   | Reached XP level 8. HP: 70/70 MP: 7/7
  3716 | Temple   | Became a worshipper of Warmaster Okawaru
  3995 | D:5      | Reached skill level 5 in Long Blades
  4471 | D:5      | Reached skill level 1 in Stealth
  4646 | D:6      | Mangled by an ogre

Action                   |  1- 3 |  4- 6 |  7- 9 || total
-------------------------+-------+-------+-------++-------
Melee: Long sword        |   115 |   104 |   274 ||   493
  Use: Scroll            |       |       |    12 ||    12
       Potion            |       |       |     1 ||     1
  Eat: Chunk             |     1 |     3 |     8 ||    12
